Map: Dusty Gorge

Players

JING - Winner!

  • Race: Terran Terran
  • Spawn Location: 9:00

PureLegacy - Winner!

  • Race: Terran Terran
  • Spawn Location: 11:00

Bread

  • Race: Terran Terran
  • Spawn Location: 5:00

Darling

  • Race: Zerg Zerg
  • Spawn Location: 3:00

VOD

Have the link to the VOD?

Description

Time

  • Played on: Nov. 21, 2018, 8 a.m.
  • Length: 10:18
Show
View Real Time Build Order
Export as new Build Order

JING Terran - Winner!

Build Orders: Mech 

Get SALT Encoding   

  12  0:25  SCV  
  13  0:29  Supply Depot  
  13  0:37  SCV  
  13  0:42  Refinery  
  15  0:50  SCV  
  15  0:57  Barracks  
  15  1:02  SCV  
  16  1:14  SCV  
  17  1:26  SCV  
  18  1:38  SCV  
  19  1:47  Factory  
  19  1:51  Orbital Command  
  19  2:07  Barracks Reactor  
  19  2:08  Command Center  
  19  2:17  SCV  
  20  2:24  Supply Depot  
  20  2:29  SCV  
  21  2:45  SCV  
  22  2:52  Hellion x2  
  22  2:57  Supply Depot  
  22  2:58  SCV  
  27  3:14  Hellion x2  
  31  3:23  SCV  
  31  3:24  Orbital Command  
  32  3:31  Command Center  
  32  3:35  Hellion  
  34  4:01  Hellion x2  
  32  4:13  SCV  
  32  4:15  SCV  
  32  4:19  Refinery  
  32  4:21  Refinery  
  32  4:24  Hellion x2  
  36  4:25  SCV  
  36  4:28  SCV  
  38  4:45  Hellion x2  
  42  4:52  SCV  
  43  4:53  Orbital Command  
  43  5:06  Hellion x2  
  47  5:22  SCV  
  47  5:28  Hellion x2  
  37  5:38  SCV x3  
  38  5:50  Hellion x2, SCV x3  
  45  6:00  Factory  
  45  6:02  SCV  
  46  6:07  SCV  
  46  6:08  SCV  
  48  6:14  SCV  
  49  6:19  SCV  
  49  6:21  SCV  
  49  6:23  Supply Depot  
  49  6:24  Supply Depot  
  51  6:27  SCV  
  51  6:30  Hellion x2  
  51  6:31  SCV  
  57  6:33  SCV  
  58  6:43  SCV x2  
  58  6:45  Starport, Factory Tech Lab  
  60  6:51  Hellion x2  
  56  7:13  Hellion x2  
  50  7:18  Siege Tank  
  50  7:21  SCV  
  50  7:22  Infernal Pre-Igniter  
  50  7:23  Viking  
  50  7:28  SCV x2  
  54  7:33  SCV  
  54  7:34  Hellion x2  
  54  7:36  Factory  
  59  7:39  Factory  
  59  7:40  SCV  
  59  7:42  SCV  
  61  7:45  SCV  
  65  7:51  Siege Tank  
  65  7:52  SCV  
  65  7:54  SCV  
  65  7:55  Hellion, Starport Reactor  
  65  7:56  Hellion  
  65  7:57  SCV  
  72  8:05  SCV  
  73  8:06  SCV  
  73  8:10  SCV, Refinery  
  75  8:17  SCV  
  76  8:22  Factory Tech Lab  
  76  8:23  Factory Tech Lab  
  76  8:24  Hellion x2  
  80  8:28  Supply Depot x3  
  80  8:29  Orbital Command  
  80  8:40  Viking x2  
  84  8:50  Siege Tank x3, Hellion x2  
  97  8:57  Engineering Bay  
  97  9:11  Supply Depot  
  97  9:12  Supply Depot  
  97  9:13  Supply Depot  
  95  9:32  Siege Tank x3  
  95  9:34  Viking  
  95  9:35  Viking  
  108  9:49  SCV x3  
  105  10:01  SCV x3  
  119  10:13  Supply Depot  
  121  10:15  Supply Depot x2  
Show
View Real Time Build Order
Export as new Build Order

PureLegacy Terran - Winner!

Build Orders: Reaper Expand 

Get SALT Encoding   

  12  0:01  SCV  
  13  0:13  SCV  
  14  0:20  Supply Depot  
  14  0:25  SCV  
  15  0:41  SCV  
  16  0:43  Barracks  
  16  0:47  Refinery  
  16  0:53  SCV  
  17  1:06  SCV  
  18  1:18  SCV  
  19  1:30  Orbital Command  
  19  1:31  Reaper  
  20  1:47  Command Center  
  20  1:57  SCV, Supply Depot  
  21  2:03  Barracks Reactor  
  21  2:09  SCV  
  21  2:13  Barracks  
  22  2:27  SCV  
  23  2:30  Barracks  
  23  2:40  Marine x2  
  23  2:43  SCV  
  26  2:47  Supply Depot  
  26  3:02  Marine x2, Barracks Tech Lab  
  26  3:03  Orbital Command  
  26  3:05  SCV  
  29  3:06  Refinery  
  29  3:19  Marine x2  
  30  3:20  Marine, SCV  
  30  3:22  Marine  
  30  3:25  Stimpack  
  34  3:34  SCV x2  
  36  3:43  Marine x4  
  36  3:48  Factory  
  39  3:49  SCV x2  
  41  4:01  SCV x2  
  43  4:06  Marine x3  
  46  4:14  Marine, SCV  
  46  4:15  SCV  
  49  4:18  Supply Depot  
  49  4:29  SCV x2  
  49  4:30  Marine x2, Barracks Reactor  
  53  4:35  Supply Depot  
  53  4:41  Factory Reactor, SCV  
  53  4:43  Starport, SCV  
  53  4:45  Supply Depot  
  55  4:53  Engineering Bay  
  55  4:57  SCV x2, Supply Depot  
  57  5:07  Barracks Reactor  
  57  5:12  SCV  
  57  5:13  Barracks  
  58  5:14  SCV  
  58  5:15  Supply Depot  
  58  5:16  Barracks  
  59  5:23  Terran Infantry Weapons Level 1  
  59  5:26  Supply Depot  
  59  5:28  SCV x2, Factory Tech Lab  
  61  5:36  Marine x3  
  61  5:37  Medivac  
  61  5:38  Medivac  
  68  5:43  SCV x2  
  68  5:48  Refinery x2  
  70  5:50  Supply Depot  
  70  5:54  Combat Shield  
  70  5:55  Supply Depot  
  69  6:03  Barracks Reactor  
  64  6:08  SCV x2  
  66  6:13  Marine x4  
  66  6:15  Barracks Reactor  
  66  6:16  Marine  
  71  6:24  Supply Depot  
  71  6:25  Siege Tank, Supply Depot  
  74  6:31  Marine x4  
  78  6:34  Marine  
  78  6:38  Command Center  
  79  6:41  Medivac x2  
  81  6:52  Marine x2  
  81  6:53  Marine x6  
  81  6:54  Marine  
  80  6:57  Siege Tank  
  83  7:07  Armory, Engineering Bay  
  83  7:10  Supply Depot  
  83  7:16  Marine x2  
  83  7:17  Marine x2  
  83  7:19  Marine x3  
  90  7:26  Terran Infantry Armor Level 1  
  90  7:30  Medivac x2  
  90  7:32  SCV x2  
  90  7:34  Marine x4  
  100  7:38  Armory  
  100  7:44  SCV x2  
  100  7:47  Marine x4  
  100  7:48  Marine  
  107  7:52  Marine  
  107  7:55  Siege Tank  
  111  8:00  Supply Depot  
  99  8:32  Marine x3  
  99  8:33  Marine x5  
  98  8:35  Siege Tank, Medivac x2  
  98  8:37  Orbital Command  
  98  8:38  SCV x2  
  98  8:39  Marine  
  108  8:43  Refinery  
  108  8:44  Refinery  
  108  8:50  Marine x3  
  108  8:51  Marine x2  
  108  8:54  Marine x3  
  116  8:56  Marine, SCV x2  
  116  8:59  Sensor Tower  
  119  9:05  SCV  
  119  9:08  Marine, SCV x2  
  123  9:10  Supply Depot  
  123  9:17  SCV  
  123  9:20  SCV x2  
  126  9:28  Marine x2  
  126  9:29  Marine x7  
  135  9:35  Siege Tank  
  135  9:36  Medivac x2  
  135  9:37  SCV  
  140  9:46  Marine x2  
  140  9:49  Factory  
Show
View Real Time Build Order
Export as new Build Order

Bread Terran 

Build Orders: Reaper Expand 

Get SALT Encoding   

  12  0:01  SCV  
  13  0:13  SCV  
  14  0:18  Supply Depot  
  14  0:25  SCV  
  15  0:40  SCV  
  15  0:42  Barracks  
  16  0:46  Refinery  
  16  0:52  SCV  
  17  1:04  SCV  
  18  1:16  SCV  
  19  1:30  Reaper  
  19  1:31  Orbital Command  
  20  1:46  Command Center  
  20  1:55  Refinery  
  20  1:57  Supply Depot  
  20  1:59  SCV  
  21  2:07  Barracks Reactor  
  21  2:27  SCV  
  22  2:33  Factory  
  22  2:39  SCV  
  23  2:44  Marine x2  
  25  2:52  SCV  
  26  3:03  Orbital Command  
  26  3:04  SCV  
  26  3:05  Marine x2  
  29  3:16  SCV  
  30  3:23  Marine x2  
  30  3:26  Hellion  
  34  3:27  Starport  
  34  3:28  SCV  
  34  3:31  Barracks  
  35  3:40  Marine  
  35  3:41  Marine  
  37  3:43  SCV x2  
  39  3:51  Hellion  
  39  3:55  SCV x2  
  43  4:03  Medivac  
  43  4:05  Supply Depot  
  43  4:07  Engineering Bay  
  45  4:20  Marine  
  46  4:26  Marine x2, Hellion  
  46  4:27  Supply Depot  
  46  4:30  Supply Depot  
  49  4:31  SCV x2  
  51  4:44  Barracks  
  51  4:45  Barracks Tech Lab  
  51  4:48  Terran Infantry Weapons Level 1  
  51  4:51  Missile Turret  
  51  4:52  Missile Turret  
  51  4:53  SCV x2  
  51  4:57  Marine x2  
  51  4:58  Factory Tech Lab  
  55  5:00  Starport Reactor  
  55  5:03  Engineering Bay  
  55  5:05  SCV  
  56  5:08  Marine  
  56  5:10  Stimpack  
  52  5:42  SCV x2  
  49  5:44  Marine x2  
  49  5:45  Marine  
  49  5:46  Barracks Tech Lab  
  49  5:47  Medivac x2  
  49  5:48  Siege Tank  
  59  5:54  SCV x2  
  59  5:55  Factory  
  61  5:57  Armory  
  61  6:06  Marine x4  
  61  6:09  Terran Infantry Armor Level 1  
  65  6:35  Marine x4  
  69  6:41  Factory Tech Lab  
  69  6:48  Supply Depot  
  69  6:50  Siege Tank  
  70  7:05  Combat Shield  
  70  7:09  Marine x4, Supply Depot, Medivac  
  70  7:10  Supply Depot  
  70  7:12  Supply Depot  
  76  7:15  Supply Depot  
  76  7:17  Command Center  
  76  7:18  Command Center  
  76  7:27  Marine x2  
  76  7:28  Terran Vehicle Weapons Level 1  
  78  7:30  Marine x2  
  80  7:40  Refinery x2  
  80  7:44  Marine x2  
  80  7:51  Marine x2  
  83  7:52  Siege Tank  
  87  8:02  Marine x2  
  89  8:08  Marine  
  89  8:09  Barracks  
  89  8:10  Barracks  
  77  8:34  Marine x4  
  64  8:35  Siege Tank  
  64  8:36  Medivac x2  
  74  8:51  Marine  
  74  8:52  Marine  
  76  8:57  Marine x2  
  78  9:05  Orbital Command  
  78  9:07  SCV  
  78  9:09  Marine  
  70  9:34  Marine x4  
  70  9:35  Siege Tank  
  70  9:36  Medivac x2  
  70  9:38  Barracks Tech Lab x2  
  81  9:52  Marine x2  
  83  9:57  Marine x2  
  83  9:58  Marine x2  
Show
View Real Time Build Order
Export as new Build Order

Darling Zerg 

Build Orders: Hatch First, Zergling Baneling 

Get SALT Encoding   

  12  0:01  Drone  
  13  0:13  Overlord  
  13  0:18  Drone  
  14  0:32  Drone x2  
  16  0:36  Drone  
  17  0:55  Hatchery  
  16  0:58  Drone  
  16  1:01  Drone  
  18  1:10  Extractor  
  17  1:17  Spawning Pool  
  16  1:20  Drone  
  16  1:24  Drone  
  18  1:31  Drone  
  19  1:42  Drone  
  20  2:05  Zergling x4  
  20  2:06  Queen  
  20  2:08  Drone, Queen  
  26  2:12  Overlord  
  26  2:13  Metabolic Boost  
  27  2:20  Drone  
  28  2:33  Drone  
  28  2:35  Zergling x4  
  31  2:39  Baneling Nest  
  30  2:47  Overlord  
  30  2:48  Zergling x2  
  31  2:57  Zergling x4  
  33  3:03  Zergling x2  
  34  3:19  Zergling x2  
  37  3:20  Zergling x14  
  37  3:24  Overlord  
  42  3:35  Zergling x2  
  40  3:59  Zergling x2  
  40  4:00  Zergling x18  
  40  4:14  Baneling  
  40  4:15  Baneling x5  
  39  4:20  Zergling x6  
  39  4:23  Zergling x2  
  40  4:40  Baneling x6  
  40  4:41  Baneling x2  
  40  4:42  Zergling x2  
  40  4:43  Zergling x14  
  35  5:07  Zergling x2  
  35  5:08  Zergling x14  
  42  5:19  Drone x2  
  44  5:30  Zergling x4  
  46  5:38  Baneling x4  
  46  5:39  Baneling x2  
  46  5:43  Drone x3  
  46  5:49  Drone x2  
  51  5:51  Drone, Overlord  
  51  5:53  Overlord  
  36  6:09  Drone  
  36  6:10  Drone x2  
  39  6:13  Drone  
  39  6:14  Drone  
  41  6:29  Baneling x4  
  41  6:32  Zergling x14  
  48  6:37  Zergling x2  
  48  6:53  Drone  
  48  6:54  Drone x3  
  42  7:11  Drone x2  
  42  7:12  Drone x2  
  42  7:13  Drone x2, Queen  
  50  7:18  Extractor  
  50  7:20  Extractor  
  48  7:23  Evolution Chamber  
  47  7:32  Drone x2  
  47  7:33  Lair  
  47  7:35  Zergling x2  
  47  7:36  Zergling x8  
  54  7:40  Hatchery  
  53  7:44  Baneling x2  
  53  7:53  Drone x2  
  53  7:54  Drone, Extractor  
  55  8:01  Zerg Ground Armor Level 1  
  55  8:02  Zergling x2  
  55  8:03  Zergling x6  
  55  8:14  Baneling x3  
  55  8:15  Zergling x2  
  55  8:16  Zergling x8  
  60  8:23  Zergling x2  
  60  8:24  Zergling x8  
  65  8:27  Baneling x2  
  65  8:28  Zergling x2, Baneling x2  
  65  8:33  Centrifical Hooks  
  66  8:36  Zergling x2  
  61  8:48  Zergling x2  
  61  8:49  Zergling x2  
  61  8:50  Zergling x2  
  63  8:57  Zergling x14  
  63  8:58  Zergling x2  
  71  9:03  Overlord  
  71  9:05  Baneling  
  71  9:06  Baneling x3  
  71  9:08  Zergling x2  
  72  9:12  Zergling x2  
  63  9:33  Zergling x12  
  67  9:45  Zergling x2  
  56  10:00  Baneling x5  
  56  10:01  Zergling x2  
Tags
 
Add a new tag
Caveats
  • Supply blocks, unpowered buildings, or Contaminate may cause inaccurate times.
  • Supply counts are checked every 10 seconds.